 Dungeon Crawl Stone Soup version 0.19-a0-854-gc78d25d (webtiles) character file.

168 Implojin the Chopper (level 5, -8/45 HPs)
             Began as a Minotaur Fighter on July 2, 2016.
             Killed by nerve-wracking pain
             ... invoked by Menkaure
              (13 damage)
             ... on level 5 of the Dungeon.
             The game lasted 00:01:12 (179 turns).

Implojin the Chopper (Minotaur Fighter)              Turns: 179, Time: 00:01:13

Health: -8/45      AC:  8    Str: 26    XL:     5   Next: 23%
Magic:  4/4        EV:  7    Int: 10    God:
Gold:   0          SH: 10    Dex: 10    Spells: 0 memorised, 4 levels left

rFire  + . .     SeeInvis .     a - +0 war axe
rCold  + . .     Gourm    .     b - +0 scale mail
rNeg   . . .     Faith    .     c - +0 shield
rPois  +         Spirit   .     (helmet restricted)
rElec  +         Dismiss  .     i - +0 cloak
rCorr  +         Reflect  .     (no gloves)
SustAt .         Harm     .     (no boots)
MR     .....                    (no amulet)
Stlth  ..........               (no ring)
                                (no ring)

@: mighty, brilliant, resistant, not resistant to hostile enchantments,
extremely unstealthy
A: retaliatory headbutt, horns 2
a: no special abilities


You were on level 5 of the Dungeon.
You were not hungry.

You visited 1 branch of the dungeon, and saw 5 of its levels.

Inventory:

Hand Weapons
 a - a +0 war axe (weapon)
Armour
 b - a +0 scale mail (worn)
 c - a +0 shield (worn)
 i - a +0 cloak (worn)
Scrolls
 e - a scroll of identify {unknown}
Comestibles
 f - a bread ration


   Skills:
 - Level 3.6 Fighting
 * Level 6.6 Axes
 - Level 3.6 Armour
 - Level 3.6 Shields


You had 4 spell levels left.
You didn't know any spells.

Dungeon Overview and Level Annotations

Branches:
Dungeon (5/15)
 Temple: D:4-7

Altars:
Dithmenos

Annotations:
D:5 Menkaure, Prince Ribbit


Innate Abilities, Weirdness & Mutations

You reflexively headbutt those who attack you in melee.
You have a pair of horns on your head.


Message History

You block Edmund's attack.
You hit Edmund.
You kill Edmund!
Your Axes skill gained 2 levels and is now at level 6!
You have reached level 4!
You feel stronger.
You have reached level 5!
Things that are here:
a jackal corpse x2
Found a shadowy altar of Dithmenos.
Found a stone staircase leading down.
Things that are here:
a dire flail; a ring mail A crimson imp comes into view.
The crimson imp shouts!
A worker ant comes into view.
The worker ant twitches its antennae in your direction.
An adder and Menkaure come into view.
Menkaure shouts!
The adder hisses angrily.
It was a potion of resistance.
You feel protected.
Menkaure gestures wildly while chanting.
Menkaure seems to speed up.
An adder comes into view.
It was a potion of brilliance.
You feel clever all of a sudden.
The adder hisses angrily.
You block the crimson imp's attack.
You slash the adder!
You kill the adder!
You slash the crimson imp!
The crimson imp blinks!
Unknown command.
Prince Ribbit comes into view.
Prince Ribbit gives a loud, deep croak!
Prince Ribbit hops awkwardly around.
Unknown command.
You miss the crimson imp.
The crimson imp is moderately wounded.
Menkaure casts a spell at you. Pain shoots through your body!
You die...

###..# ....§§. ....§§#
# #.._§§ #.###.... .
....... .. #...# #
.#### #...#####..## #.
...# #..a.@.MS.F.. ..
#.#####...5#.......
#.##...†.)...........#
#..<............>.....
#.##.................#
.. #.#####....#....#.#
#. ...# #.......... #
# ##### #...#######.
#...#


You could see Prince Ribbit, Menkaure, a worker ant, a crimson imp and an adder.

Vanquished Creatures
  Edmund (D:5)
  A centaur skeleton (D:4)
  An adder (D:5)
  A dart slug (D:1)
  5 bats
  A giant cockroach (D:1)
  A goblin (D:1)
  2 jackals (D:5)
  A giant newt (D:1)
  3 rats
17 creatures vanquished.

Notes
Turn   | Place    | Note
-------+----------+-------------------------------------------
     0 | D:1      | Implojin the Minotaur Fighter began the quest for the Orb.
     0 | D:1      | Reached XP level 1. HP: 19/19 MP: 0/0
    31 | D:1      | Reached skill level 3 in Axes
    81 | D:1      | Reached XP level 2. HP: 24/26 MP: 1/1
   139 | D:4      | Reached skill level 4 in Axes
   139 | D:4      | Reached XP level 3. HP: 28/31 MP: 2/2
   147 | D:5      | Entered Level 5 of the Dungeon
   149 | D:5      | Noticed Edmund
   166 | D:5      | Killed Edmund
   166 | D:5      | Reached skill level 6 in Axes
   166 | D:5      | Reached XP level 4. HP: 3/39 MP: 3/3
   166 | D:5      | Reached XP level 5. HP: 3/45 MP: 4/4
   169 | D:5      | Found a shadowy altar of Dithmenos.
   174 | D:5      | Noticed Menkaure
   178 | D:5      | Noticed Prince Ribbit
   179 | D:5      | Killed from afar by Menkaure

Vault maps used:
D:1:      mrwooster_arrival_statue
D:2:      lemuel_upstairs_altar, eat_drink_and_be_merry_uskayaw, serial_bayou,
          serial_bayou_lake_a, serial_bayou_lagoon_a, serial_bayou_pond_b,
          serial_bayou_pond_b, gammafunk_pakellas_statue_experiment
D:3:      grunt_gozag_statues, minmay_misc_feat_five
D:4:      nicolae_overflow_hidden_temple, first_bread
D:5:      lemuel_doored_altar, zin_academy, grunt_dithmenos_smoke, uniq_sigmund,
          uniq_menkaure, uniq_prince_ribbit1, uniq_grinder, uniq_edmund

Skill      XL: |  1  2  3 |
---------------+----------+-----
Axes           | 3 4 6 |  6.6
Fighting       | |  3.6
Armour         | |  3.6
Shields        | |  3.6

Action                   |  1- 3 |  4- 6 || total
-------------------------+-------+-------++-------
Melee: War axe           |    37 |     2 ||    39
       Headbutt          |     6 |       ||     6
  Use: Potion            |     1 |     2 ||     3
Armor: Scale mail        |    30 |       ||    30
Dodge: Dodged            |    11 |       ||    11
Block: Shield            |    32 |     1 ||    33

Table legend:
 A = Turns spent in this place as a percentage of turns spent in the entire game.
 B = Non-inter-level travel turns spent in this place as a percentage of non-inter-level travel turns spent in the entire game.
 C = Inter-level travel turns spent in this place as a percentage of turns spent in this place.
 D = Turns resting spent in this place as a percentage of non-inter-level travel turns spent in this place.
 E = Turns spent auto-exploring this place as a percentage of non-inter-level travel turns spent in this place.
 F = Non-inter-level travel turns spent in this place divided by the number of levels of this place that you've seen.
                   A       B       C       D       E      F
               +-------+-------+-------+-------+-------+----------------------
         Total | 100.0 | 100.0 |   0.0 |   0.0 |   0.0 |  37.0
       Dungeon | 100.0 | 100.0 |   0.0 |   0.0 |   0.0 |  37.0
               +-------+-------+-------+-------+-------+----------------------

Table legend:
 A = Kills in this place as a percentage of kills in entire the game.
 B = Kills by you in this place as a percentage of kills by you in the entire game.
 C = Kills by friends in this place as a percentage of kills by friends in the entire game.
 D = Other kills in this place as a percentage of other kills in the entire game.
 E = Experience gained in this place as a percentage of experience gained in the entire game.
 F = Experience gained in this place divided by the number of levels of this place that you have seen.
                   A       B       C       D       E      F
               +-------+-------+-------+-------+-------+----------------------
         Total | 100.0 | 100.0 |  -nan |  -nan | 100.0 |  48.0
       Dungeon | 100.0 | 100.0 |  -nan |  -nan | 100.0 |  48.0
               +-------+-------+-------+-------+-------+----------------------
